 Dungeon Crawl Stone Soup version 0.14-a0-1097-gc7db7fc (webtiles) character file.

58093 4tharraofdagon the Conjurer (level 14, -8/83 HPs)
             Began as a Demigod Fire Elementalist on Nov 27, 2013.
             Killed from afar by a deep elf conjurer (43 damage)
             ... with a bolt of fire
             ... on Level 2 of the Elven Halls.
             The game lasted 02:18:09 (11425 turns).

4tharraofdagon the Conjurer (DgFE)                 Turns: 11425, Time: 02:18:10

HP  -8/83        AC 15     Str 12      XL: 14   Next:  6%
MP  18/33        EV 11     Int 28      God:
Gold 2317        SH 11     Dex 18      Spells:  7 memorised, 10 levels left

rFire  . . .     SeeInvis .     q - +6 elf trident (protect)
rCold  . . .     Clarity  .     V - +2 troll leather armour
rNeg   . . .     Conserve +     u - +0 orc buckler
rPois  .         rCorr    .     z - +0 wizard hat {Int+3}
rElec  .         rRot     .     C - -1 cloak
SustAb . .       Spirit   .     f - +1 pair of gauntlets
rMut   .         Warding  .     J - +0 pair of elf boots
Saprov . . .     Stasis   .     o - amulet of conservation
                                e - +1 ring of protection
                                a - ring of wizardry

@: somewhat resistant to hostile enchantments, stealthy
A: carnivore 1, clumsy 1, frail 1, sense surroundings 1
a: no special abilities


You were on level 2 of the Elven Halls.
You were not hungry.

You visited 4 branches of the dungeon, and saw 25 of its levels.
You also visited: Labyrinth.

You collected 2752 gold pieces.
You spent 435 gold pieces at shops.

Inventory:

Hand weapons
 q - a +6,+6 elven trident of protection (weapon)
 r - a -1 blowgun
Missiles
 m - a throwing net (quivered)
Armour
 f - a +1 pair of gauntlets (worn)
 t - the +5 leather armour of Trumpets {rF+ MR+ Str+2}
   (You found it on level 1 of the Lair of Beasts)

   It affects your strength (+2).
   It protects you from fire.
   It affects your resistance to hostile enchantments.
 u - a +0 orcish buckler (worn)
 v - the +3 helmet of the Many Blessings {rF++ rC+}
   (You acquired it on level 6 of the Lair of Beasts)

   It greatly protects you from fire.
   It protects you from cold.
 z - a +0 wizard hat of intelligence (worn)
 C - a -1 cloak (worn)
 J - a +0 pair of elven boots (worn)
 V - a +2 troll leather armour (worn)
Magical devices
 w - a wand of cold (0)
 y - a wand of disintegration (17)
 A - a wand of digging (11)
 B - a wand of disintegration (5)
 I - a wand of hasting (7)
 W - a wand of fireball (1)
Comestibles
 c - 12 bread rations
 i - 8 meat rations
Scrolls
 d - 2 scrolls of fog
 g - 2 scrolls of fear {unknown}
 h - 4 scrolls of enchant weapon I {unknown}
 k - 3 scrolls of identify
 x - a scroll of summoning
 F - 5 scrolls of teleportation
 N - 4 scrolls of remove curse
 P - 2 scrolls of noise
Jewellery
 a - a ring of wizardry (left hand)
 e - a +1 ring of protection (right hand)
 o - an amulet of conservation (around neck)
 Z - the ring of Moifona {Contam +Fly rElec rN+}
   (You found it in a labyrinth)

   [ring of flight]

   It insulates you from electricity.
   It protects you from negative energy.
   It causes magical contamination when unequipped.
Potions
 l - a potion of flight
 n - a potion of brilliance
 p - a potion of cure mutation
 E - a potion of curing
 O - 2 potions of magic
Books
 b - a book of Flames

   Spells                             Type                      Level
   *Flame Tongue                      Conjuration/Fire             1
   Throw Flame                        Conjuration/Fire             2
   *Conjure Flame                     Conjuration/Fire             3
   Inner Flame                        Hexes/Fire                   3
   *Sticky Flame                      Conjuration/Fire             4
   *Fireball                          Conjuration/Fire             5
 Q - a book of Clouds

   Spells                             Type                      Level
   Mephitic Cloud                     Conjuration/Poison/Air       3
   *Conjure Flame                     Conjuration/Fire             3
   Poisonous Cloud                    Conjuration/Poison/Air       6
   *Freezing Cloud                    Conjuration/Ice/Air          6
   Ring of Flames                     Charms/Fire                  7
 U - a Necronomicon {highlevel}

   This book is beyond your current level of understanding.

   Spells                             Type                      Level
   Haunt                              Necromancy/Summoning         7
   Borgnjor's Revivification          Necromancy                   8
   Death's Door                       Charms/Necromancy            8
   Necromutation                      Transmutation/Necromancy     8
Rods
 j - a +5 rod of frigid destruction (9/9)
   (You found it in a labyrinth)


   Skills:
 - Level 1.7 Dodging
 - Level 1.7 Stealth
 - Level 4.0 Shields
 + Level 9.8 Spellcasting
 * Level 14.5 Conjurations
 - Level 2.2 Translocations
 * Level 12.3 Fire Magic
 - Level 1.0 Ice Magic
 - Level 5.1 Air Magic
 - Level 4.0 Evocations


You had 10 spell levels left.
You knew the following spells:

 Your Spells              Type           Power        Failure   Level  Hunger
a - Flame Tongue          Conj/Fire      #####        1%          1    None
b - Conjure Flame         Conj/Fire      ######..     1%          3    None
c - Sticky Flame          Conj/Fire      ######..     1%          4    None
d - Apportation           Tloc           ####......   1%          1    None
e - Blink                 Tloc           N/A          1%          2    None
f - Fireball              Conj/Fire      ######....   1%          5    ###....
g - Freezing Cloud        Conj/Ice/Air   ######....   17%         6    #####..


Dungeon Overview and Level Annotations

Branches:
Dungeon (11/16)            Temple (0/1) D:7             Orc (4/4) D:10
    Elf (2/3) Orc:3          Lair (8/8) D:11         Spider (0/5) Lair:3
  Slime (0/6) Lair:8
  Swamp: Lair:3-6    Shoals: Lair:3-6     Snake: Lair:3-6

Shops:
D:8 *   D:10 (   Orc:1 }   Orc:4 *}***

Annotations:
D:7 Meowch's ghost, experienced DrBe
D:10 MORIA
Orc:4 TAKE ANOTHER EXIT!+AMNESIA+OTHER HSIT


Innate Abilities, Weirdness & Mutations

Your digestive system is specialised to digest meat.
You are clumsy. (Dex -2)
You are frail (-10% HP).
You passively map a small area around you.


Message History

Aiming: Fireball
Press: ? - help, Shift-Dir - straight line, f/p - deep elf conjurer
Aim: a deep elf conjurer, wielding an elven sabre and wearing an elven ring mail (moderately wounded)
The fireball explodes!
The fireball engulfs the deep elf conjurer.
The deep elf conjurer is severely wounded.
The deep elf conjurer points at you and mumbles some strange words.
The bolt of lightning hits you!
Casting: Fireball
Confirm with . or Enter, or press ? or * to list all spells.
Aiming: Fireball
Press: ? - help, Shift-Dir - straight line, f/p - deep elf conjurer
Aim: a deep elf conjurer, wielding an elven sabre and wearing an elven ring mail (severely wounded)
The fireball explodes!
The fireball engulfs the deep elf conjurer.
The deep elf conjurer is almost dead.
The deep elf conjurer points at you and mumbles some strange words.
The bolt of fire hits you!
Ouch! That really hurt!
You die...

* ** * *
*
###+####
,
#......#
** >
,+...@.e#
* + *
#.....)+
*
#?.....#
* *
#......#
####+###
, , + , *
,


You could see a deep elf conjurer.

Vanquished Creatures
  Gastronok (D:10)
  4 dire elephants (Lair:8)
  A minotaur (Lab)
  Harold (Orc:4)
  Josephine (D:11)
  The ghost of aves the Basher, a powerful FoSk of Zin (Lair:2)
  2 hydras
  An anaconda (Lair:8)
  Erica (D:11)
  12 death yaks
  5 orc high priests (Orc:4)
  Urug (D:10)
  4 skeletal warriors (D:11)
  Erolcha (Orc:4)
  An iron troll (Orc:3)
  A lindwurm (Lair:7)
  A griffon (Lair:8)
  7 orc knights
  10 elephants
  3 black mambas
  7 spiny frogs
  3 deep elf summoners (Elf:1)
  An elf (D:11)
  A brown ooze (Lair:8)
  A spriggan (D:9)
  3 komodo dragons
  2 minotaur zombies (Lab)
  2 trolls
  A two-headed ogre (Orc:2)
  2 basilisks
  3 deep elf magi
  11 blink frogs
  A fire dragon zombie (D:11)
  A trapdoor spider (Lair:3)
  10 yaks (Lair:8)
  A human (D:11)
  2 elephant slugs
  Eustachio (Orc:1)
  Grum (Orc:2)
  A manticore (D:8)
  2 deep elf fighters (Elf:1)
  2 necrophages (D:11)
  2 hippogriffs
  12 wolves
  18 orc warriors
  3 soldier ants (Lair:1)
  7 porcupines
  2 sky beasts
  An ice beast (D:10)
  4 ogres
  2 phantoms
  A centaur (D:6)
  8 crocodiles
  A boring beetle (Lair:7)
  3 wargs (Orc:3)
  10 water moccasins
  5 giant slugs
  A hill giant simulacrum (D:11)
  3 agate snails
  9 giant frogs
  An eye of draining (D:10)
  4 electric eels
  2 troll zombies
  2 hippogriff skeletons
  A quasit (Orc:1)
  2 goliath beetles (D:11)
  8 hounds
  37 orc priests
  A yellow wasp zombie (D:7)
  A jelly (D:9)
  24 orc wizards
  2 scorpions
  3 iguanas
  5 worker ants
  6 orange rats (Lair:7)
  25 sheep
  A hound skeleton (D:11)
  3 gnolls (Orc:4)
  11 adders
  23 green rats
  A hound simulacrum (D:11)
  An inept feature mimic (D:6)
  2 shadow imps (Orc:1)
  A giant centipede (Lair:4)
  A giant mite (Lair:4)
  3 worms
  An iguana skeleton (D:7)
  An iguana zombie (D:11)
  A scorpion zombie (D:11)
  A giant gecko (D:6)
  177 orcs
  5 bats
  2 giant cockroaches
  12 goblins
  9 hobgoblins
  18 jackals
  2 quokkas
  A giant newt (D:2)
  A giant spore (D:6)
  8 kobolds
  4 rats
  3 ballistomycetes (D:6)
  2 bushes (Lair:8)
  A fungus (Lair:8)
  3 plants
633 creatures vanquished.

Vanquished Creatures (others)
  A hydra (Lair:8)
  2 orcs
  19 fungi
  A plant (Lair:8)
23 creatures vanquished.

Grand Total: 656 creatures vanquished

Notes
Turn   | Place    | Note
--------------------------------------------------------------
     0 | D:1      | 4tharraofdagon, the Demigod Fire Elementalist, began the quest for the Orb.
     0 | D:1      | Reached XP level 1. HP: 14/14 MP: 5/5
    14 | D:1      | Reached skill level 1 in Conjurations
   245 | D:4      | Reached XP level 2. HP: 20/20 MP: 0/6
   246 | D:4      | Daniel: hey
   266 | D:4      | 4tharraofdagon: hey
   267 | D:4      | Noticed a phantom
   454 | D:4      | Killed a phantom
   454 | D:4      | Reached skill level 3 in Fire Magic
   454 | D:4      | Reached XP level 3. HP: 13/26 MP: 0/9
   454 | D:4      | Reached XP level 4. HP: 16/33 MP: 0/11
   459 | D:4      | Learned a level 3 spell: Conjure Flame
   513 | D:5      | Entered Level 5 of the Dungeon
   601 | D:5      | Noticed a big kobold
   668 | D:6      | Reached skill level 4 in Fire Magic
   668 | D:6      | Reached XP level 5. HP: 38/38 MP: 11/13
   674 | D:6      | Learned a level 4 spell: Sticky Flame
   923 | D:6      | Noticed a centaur
   934 | D:6      | Killed a centaur
   934 | D:6      | Reached XP level 6. HP: 28/45 MP: 3/16
   976 | D:6      | Noticed a phantom
   985 | D:6      | Killed a phantom
   985 | D:6      | Reached skill level 5 in Fire Magic
  1138 | D:7      | Noticed Meowch's ghost (experienced DrBe)
  1146 | D:7      | Found an iron altar of Okawaru.
  1239 | D:7      | Reached XP level 7. HP: 43/50 MP: 12/19
  1392 | D:8      | hurdos: Is this ghost berserk?
  1402 | D:8      | 4tharraofdagon: ye
  1443 | D:7      | Found a staircase to the Ecumenical Temple.
  1491 | D:8      | Found Quapunul's Assorted Antiques.
  1498 | D:8      | hurdos: How can it throw negative bolts?
  1498 | D:8      | hurdos: wand?
  1498 | D:8      | Bought a scroll labeled FASIZU VOYZXU for 32 gold pieces
  1498 | D:8      | Bought a scroll labeled BAAREYLESI for 32 gold pieces
  1498 | D:8      | Bought a murky white potion for 28 gold pieces
  1498 | D:8      | Bought a scroll labeled XAJAXIJOAM {tried on wand of disintegration} for 32 gold pieces
  1498 | D:8      | Daniel: all ghost dracs have bolt of negative energy breath
  1498 | D:8      | 4tharraofdagon: drac ghosts have perma bolt of draining
  1537 | D:7      | Daniel: instead of what they had before they died
  1610 | D:8      | hurdos: hm ... I did not know that
  1645 | D:8      | Reached skill level 5 in Conjurations
  1714 | D:9      | 4tharraofdagon: 3turns 3 darts
  1715 | D:9      | Reached skill level 6 in Fire Magic
  1776 | D:9      | hurdos: Is it starange?
  1796 | D:8      | Learned a level 1 spell: Apportation
  1799 | D:8      | Learned a level 2 spell: Blink
  1833 | D:9      | Noticed a spriggan baker
  1837 | D:9      | Killed a spriggan baker
  1837 | D:9      | Reached XP level 8. HP: 35/57 MP: 12/21
  1939 | D:9      | Found a sparkling altar of Nemelex Xobeh.
  1977 | D:10     | Entered Level 10 of the Dungeon
  2028 | D:10     | Noticed Gastronok
  2045 | D:10     | hurdos: hat with int :)
  2063 | D:10     | 4tharraofdagon: you wish
  2082 | D:10     | Reached skill level 7 in Fire Magic
  2109 | D:10     | Killed Gastronok
  2109 | D:10     | Reached skill level 8 in Fire Magic
  2109 | D:10     | Reached XP level 9. HP: 62/62 MP: 3/24
  2115 | D:10     | 4tharraofdagon: oh
  2115 | D:10     | hurdos: heh
  2121 | D:10     | Learned a level 5 spell: Fireball
  2131 | D:10     | hurdos: +3?
  2286 | D:10     | Noticed Urug
  2299 | D:10     | Killed Urug
  2299 | D:10     | Reached skill level 5 in Spellcasting
  2398 | D:10     | Gained mutation: You passively map a small area around you. [mutagenic meat]
  2399 | D:10     | Gained mutation: You are clumsy. (Dex -2) [mutagenic meat]
  2400 | D:10     | Gained mutation: Your digestive system is specialised to digest meat. [mutagenic meat]
  2464 | D:11     | Noticed Josephine
  2531 | D:10     | hurdos: Do you have muts?
  2577 | D:10     | 4tharraofdagon: ye
  2603 | D:10     | Found Prich's Weapon Emporium.
  2611 | D:10     | hurdos: mut pot?
  2611 | D:10     | 4tharraofdagon: sky beast flesh
  2633 | D:10     | hurdos: hm ...
  2845 | D:11     | Found a labyrinth entrance.
  2849 | D:11     | Noticed Erica
  2863 | D:11     | Killed Erica
  2876 | D:11     | Noticed an orc knight
  2878 | Lab      | Entered a labyrinth
  3136 | Lab      | hurdos: LOL
  3265 | Lab      | Noticed a minotaur
  3290 | Lab      | Killed a minotaur
  3290 | Lab      | Reached skill level 9 in Conjurations
  3290 | Lab      | Reached XP level 10. HP: 63/69 MP: 22/26
  3310 | Lab      | Got a pitted scale mail
  3310 | Lab      | Got a brightly glowing lead ring
  3315 | Lab      | Daniel: cool stuff
  3324 | Lab      | Daniel: drink pools
  3324 | Lab      | hurdos: trash
  3347 | Lab      | Identified a +5 rod of frigid destruction (9/9) (You found it in a labyrinth)
  3397 | Lab      | hurdos: no one book :(
  3416 | Lab      | Identified the +2 scale mail "Qin Oski" {SInv} (You found it in a labyrinth)
  3434 | Lab      | Daniel: get haste and healing from pools
  3437 | Lab      | Daniel: or fountain
  3443 | Lab      | Daniel: nice
  3446 | Lab      | 4tharraofdagon: should be enouggh
  3446 | Lab      | Daniel: yeah
  3446 | Lab      | Gained mutation: You are frail (-10% HP). [mutagenic glow]
  3471 | D:11     | Reached skill level 1 in Evocations
  3474 | D:11     | Killed an orc knight
  3512 | D:11     | Reached skill level 10 in Conjurations
  3544 | D:11     | Found a staircase to the Lair.
  3544 | D:11     | Noticed an elephant
  3550 | D:11     | Daniel: well you have a good base muts for mut roulette now
  3574 | D:11     | Killed an elephant
  3642 | D:11     | Noticed a skeletal warrior
  3665 | D:11     | Killed a skeletal warrior
  3676 | D:11     | Noticed a skeletal warrior
  3676 | D:11     | Noticed a skeletal warrior
  3702 | D:11     | Killed a skeletal warrior
  3751 | D:11     | Killed a skeletal warrior
  3775 | D:11     | Noticed a skeletal warrior
  3803 | D:11     | Killed a skeletal warrior
  3803 | D:11     | Reached XP level 11. HP: 42/66 MP: 6/28
  3845 | D:11     | Learned a level 6 spell: Freezing Cloud
  3902 | D:11     | Killed Josephine
  3902 | D:11     | Reached skill level 1 in Air Magic
  3985 | D:11     | Identified the ring of Moifona {Contam +Fly rElec rN+} (You found it in a labyrinth)
  3993 | D:11     | hurdos: Do you learn Ice?
  3995 | D:11     | 4tharraofdagon: just one point
  4034 | D:11     | hurdos: for what?
  4035 | D:11     | 4tharraofdagon: well
  4035 | D:11     | 4tharraofdagon: its relatively easy to train at low levels
  4035 | D:11     | 4tharraofdagon: so -4 doesnt affect so much
  4035 | D:11     | 4tharraofdagon: for freezing cloud
  4036 | Lair:1   | Entered Level 1 of the Lair of Beasts
  4037 | Lair:1   | hurdos: I see
  4041 | Lair:1   | hurdos: LOL
  4043 | Lair:1   | Daniel: thats on hard lair entrance
  4043 | Lair:1   | Daniel: one*
  4043 | Lair:1   | Reached skill level 11 in Conjurations
  4047 | Lair:1   | hurdos: nice start of lair
  4090 | Lair:2   | Daniel: fuck that
  4111 | Lair:2   | Daniel: black mamba, eels, with ant farm
  4114 | Lair:2   | Daniel: lol
  4191 | Lair:3   | Reached skill level 1 in Ice Magic
  4215 | Lair:3   | hurdos: turn off Ice
  4277 | Lair:1   | archaeo: I feel like
  4303 | Lair:3   | archaeo: this is the first time I've seen 4tharra casting
  4318 | Lair:2   | Noticed aves' ghost (powerful FoSk)
  4329 | Lair:2   | Daniel: formicid skald lol
  4331 | Lair:2   | Daniel: ezpz
  4355 | Lair:2   | Daniel: or not :D
  4478 | Lair:2   | archaeo: lol
  4512 | Lair:2   | Killed aves' ghost
  4571 | Lair:3   | Found a hole to the Spider Nest.
  4651 | Lair:4   | archaeo: drop book of flames'
  4681 | Lair:4   | hurdos: btw, I would learn pois cloud insted of fclouds
  4748 | Lair:4   | hurdos: pois magic can be using for poison arrow
  4748 | Lair:4   | 4tharraofdagon: i have to hold books
  4748 | Lair:4   | 4tharraofdagon: no amnesia
  4887 | Lair:4   | Noticed a death yak
  4887 | Lair:4   | Noticed a death yak
  4888 | Lair:4   | Noticed a death yak
  4888 | Lair:4   | Noticed a death yak
  4891 | Lair:4   | 4tharraofdagon: at last
  4908 | Lair:4   | Killed a death yak
  4917 | Lair:4   | Killed a death yak
  4926 | Lair:4   | Killed a death yak
  4954 | Lair:4   | Killed a death yak
  5002 | Lair:5   | hurdos: DgNe can rise dead death yaks :)
  5012 | Lair:5   | archaeo: lol
  5014 | Lair:5   | archaeo: wow
  5038 | Lair:6   | Noticed a death yak
  5038 | Lair:6   | Noticed a death yak
  5038 | Lair:6   | Noticed a death yak
  5038 | Lair:6   | Noticed a death yak
  5039 | Lair:6   | archaeo: I did not know that happened to sheep
  5070 | Lair:5   | Killed a death yak
  5101 | Lair:5   | Noticed a five-headed hydra
  5123 | Lair:5   | Killed a five-headed hydra
  5123 | Lair:5   | Reached skill level 5 in Air Magic
  5221 | Lair:5   | Reached skill level 12 in Conjurations
  5313 | Lair:6   | Identified a scroll of acquirement
  5314 | Lair:6   | archaeo: niiiice
  5314 | Lair:6   | Got a slimy helmet
  5318 | Lair:6   | Identified the +3 helmet of the Many Blessings {rF++ rC+} (You acquired it on level 6 of the Lair of Beasts)
  5318 | Lair:6   | archaeo: oooooh
  5321 | Lair:6   | hurdos: holy shit
  5321 | Lair:6   | Daniel: such blessings
  5321 | Lair:6   | Daniel: wow
  5321 | Lair:6   | Daniel: so resists
  5321 | Lair:6   | 4tharraofdagon: ye
  5337 | Lair:6   | Daniel: doge hat
  5431 | Lair:6   | Killed a death yak
  5436 | Lair:6   | archaeo: uh
  5441 | Lair:6   | archaeo: oh I see
  5451 | Lair:6   | Killed a death yak
  5451 | Lair:6   | Reached XP level 12. HP: 61/72 MP: 4/30
  5492 | Lair:6   | Killed a death yak
  5941 | Lair:7   | hurdos: nice trick
  6164 | Lair:7   | archaeo: welp, necro
  6227 | Lair:8   | Entered Level 8 of the Lair of Beasts
  6227 | Lair:8   | Noticed a six-headed hydra
  6250 | Lair:8   | 4tharraofdagon: it looks pretty bad
  6355 | Lair:7   | Reached skill level 10 in Fire Magic
  6429 | Lair:8   | hurdos: hell entarence?
  6494 | Lair:8   | 4tharraofdagon: dire ending
  6501 | Lair:8   | archaeo: elephants on parade
  6580 | Lair:8   | Reached skill level 13 in Conjurations
  6614 | Lair:8   | hurdos: epic batt;e
  6682 | Lair:8   | 4tharraofdagon: i live for battles like these :D
  6848 | Lair:8   | hurdos: need some recovering of MP
  6917 | Lair:8   | TomPliss: isn't 11 ev a bit low ?
  6946 | Lair:8   | TomPliss: Dg get some extra dex, so why not more ?
  6957 | Lair:8   | archaeo: 0 dodging I bet
  6964 | Lair:8   | Killed a six-headed hydra
  7071 | Lair:8   | Killed a six-headed hydra
  7107 | Lair:8   | Reached XP level 13. HP: 66/77 MP: 6/32
  7123 | Lair:8   | Found a staircase to the Slime Pits.
  7197 | Lair:8   | hurdos: hard ending
  7197 | Lair:8   | archaeo: meh
  7197 | Lair:8   | archaeo: pretty easily controlled ending at least
  7228 | Lair:8   | 4tharraofdagon: at least it has epic exp
  7228 | Lair:8   | hurdos: controlled?
  7229 | Lair:8   | archaeo: good to close that door, for example
  7235 | Lair:8   | archaeo: well you can close doors hurdos
  7253 | Lair:8   | archaeo: dire elephants aren't really great at opening doors
  7263 | Lair:8   | archaeo: bro
  7267 | Lair:8   | archaeo: the forest loot
  7269 | Lair:8   | hurdos: and what the next after closing door?
  7338 | Lair:8   | archaeo: I mean that's all you really need
  7403 | Lair:8   | 4tharraofdagon: how nice
  7416 | Lair:8   | bmfx: good snake armour
  7435 | Lair:8   | archaeo: uh
  7446 | Lair:8   | archaeo: oh good
  7494 | Lair:8   | hurdos: drop empty wands
  7527 | Lair:8   | archaeo: he wants the slow movement I think
  7535 | Lair:8   | 4tharraofdagon: as much delay as possible
  7548 | Lair:8   | hurdos: hm ...
  7548 | Lair:8   | hurdos: what for?
  7548 | Lair:8   | bmfx: faster regen
  7548 | Lair:8   | archaeo: you regen faster over fewer turns
  7548 | Lair:8   | 4tharraofdagon: faster healing
  7554 | Lair:8   | archaeo: turns =/= time
  7571 | Lair:8   | hurdos: hm ... I didn't know that
  7571 | Lair:8   | 4tharraofdagon: swinging with scroll gives 1.5 delay
  7607 | Lair:8   | bmfx: sapher chose naga for his "ultimate" high score because slow move gives them more regen per turn
  7970 | Lair:6   | Ladykiller69: hey 4th
  8041 | Lair:5   | 4tharraofdagon: hello
  8048 | Lair:5   | Ladykiller69: whats your expert opinion on doing your thing with ogres/trolls, GSC and aiming for jiyva?
  8126 | Lair:4   | 4tharraofdagon: jiyva is one big mistery to me
  8126 | Lair:4   | 4tharraofdagon: idk how it can be any usefull in extended
  8126 | Lair:4   | Vidiiot: Jiyva is lovely.
  8139 | Lair:4   | Vidiiot: By giving food and HP ;)
  8146 | Lair:4   | Vidiiot: So you can spam spells
  8152 | Lair:4   | Ladykiller69: so troll would probably be the better choice
  8202 | Lair:4   | Reached skill level 14 in Conjurations
  8207 | Lair:4   | Vidiiot: Maybe for undead too
  8214 | Lair:4   | archaeo: slimify is also great for killing
  8216 | Lair:4   | Vidiiot: For quick HP regen
  8363 | Lair:2   | archaeo: are we looking for the other branch?
  8424 | Lair:1   | 4tharraofdagon: naa
  8424 | Lair:1   | 4tharraofdagon: heading to orc
  8438 | Lair:1   | Got an encrusted leather armour
  8456 | Lair:2   | Identified the +5 leather armour of Trumpets {rF+ MR+ Str+2} (You found it on level 1 of the Lair of Beasts)
  8456 | Lair:2   | archaeo: ah
  8457 | Lair:2   | 4tharraofdagon: nice one
  8457 | Lair:2   | archaeo: rF+++
  8457 | Lair:2   | archaeo: with dat helm
  8457 | Lair:2   | Ladykiller69: HOLY SHIT
  8457 | Lair:2   | Ladykiller69: dat helm
  8618 | D:10     | Ladykiller69: why are the QAbots dead?
  8670 | D:10     | Ladykiller69: also whats the AC of troll leather armour?
  8697 | D:10     | Found a staircase to the Orcish Mines.
  8705 | D:10     | Ladykiller69: or troll hide?
  8733 | D:10     | archaeo: cool mines entry vault
  8734 | Orc:1    | Entered Level 1 of the Orcish Mines
  8738 | Orc:1    | Noticed Eustachio
  8763 | Orc:1    | Killed Eustachio
  8858 | Orc:1    | Reached skill level 1 in Shields
  8914 | Orc:1    | Found Giapemoe's Gadget Boutique.
  9006 | Orc:2    | Noticed Grum
  9021 | Orc:2    | Killed Grum
  9444 | Orc:3    | 4tharraofdagon: 2012
  9444 | Orc:3    | 4tharraofdagon: that was good year
  9502 | Orc:4    | Entered Level 4 of the Orcish Mines
  9512 | Orc:3    | archaeo: meeeeeh
  9527 | Orc:3    | archaeo: I've had better
  9594 | Orc:3    | archaeo: iron troll?
  9639 | Orc:4    | archaeo: more like PIG iron troll
  9876 | Orc:4    | Found a deep blue altar of Sif Muna.
  9974 | Orc:4    | Found Jideifan's General Store.
  9984 | Orc:4    | archaeo: choko - 4 gold
  9984 | Orc:4    | Bought a scroll of teleportation for 36 gold pieces
  9984 | Orc:4    | Bought a scroll of identify for 24 gold pieces
  9984 | Orc:4    | Bought a scroll of identify for 24 gold pieces
 10014 | Orc:4    | archaeo: man
 10014 | Orc:4    | archaeo: that orc
 10019 | Orc:4    | archaeo: was sitting on a huge pile of gold
 10032 | Orc:4    | archaeo: what a dirty hoarder
 10121 | Orc:3    | Found a staircase to the Elven Halls.
 10259 | Orc:4    | Noticed Harold
 10268 | Orc:4    | Killed Harold
 10270 | Orc:4    | Noticed Erolcha
 10381 | Orc:4    | Killed Erolcha
 10447 | Orc:4    | Ladykiller69: hey guys
 10451 | Orc:4    | Ladykiller69: have you been buying runed robes in orc lately?
 10483 | Orc:4    | Ladykiller69: because I have found tons of archmagi robes there
 10486 | Orc:4    | Ladykiller69: bought
 10509 | Orc:4    | archaeo: I mean
 10510 | Orc:4    | archaeo: if I'm wearing robes
 10523 | Orc:4    | archaeo: you'd better believe I'm buying them when they're runed
 10600 | Orc:4    | Ladykiller69: has he already been to elf :O?
 10623 | Orc:4    | archaeo: nah
 10745 | Orc:4    | timbw: Dg :<
 10758 | Orc:4    | archaeo: why the frownyface timbw
 10765 | Orc:4    | timbw: they are pretty bad
 10773 | Orc:4    | timbw: and incredibly annoying
 10775 | Orc:4    | archaeo: uh
 10776 | Orc:4    | archaeo: dead
 10777 | Orc:4    | Ladykiller69: nah
 10778 | Orc:4    | Ladykiller69: in danger, certainly
 10779 | Orc:4    | archaeo: nice
 10780 | Orc:4    | Ladykiller69: but not ded
 10896 | Orc:4    | uh
 10905 | Orc:4    | archaeo: dang
 10905 | Orc:4    | archaeo: that orcish glaive of venom
 10905 | Orc:4    | archaeo: bad news
 10908 | Orc:4    | HP: 3/77 [poisoned by an orc knight]
 10997 | Orc:4    | archaeo: I literally just had this vault
 11002 | Orc:4    | Ladykiller69: I dont like it
 11016 | Orc:4    | archaeo: it is significantly less of a pain when you're rolling deep in ugly thangs
 11024 | Orc:4    | archaeo: or you have fcloud
 11061 | Orc:4    | Reached XP level 14. HP: 31/83 MP: 5/33
 11129 | Orc:4    | Found Twulinumm's Gadget Boutique.
 11129 | Orc:4    | Found Moazuemue's Assorted Antiques.
 11129 | Orc:4    | Found Itto's General Store.
 11129 | Orc:4    | Found Nonaf's Assorted Antiques.
 11152 | Orc:4    | Bought a scroll labeled TUTSOY GEEMMA for 36 gold pieces
 11154 | Orc:4    | Ladykiller69: wohohoohoooo
 11155 | Orc:4    | Ladykiller69: wohohohohoooo
 11160 | Orc:4    | Ladykiller69: Im jelly
 11160 | Orc:4    | Bought a crude robe for 119 gold pieces
 11162 | Orc:4    | Bought a potion of curing for 72 gold pieces
 11163 | Orc:4    | Identified the cursed +2 robe "Deral" {+Inv} (You bought it in a shop on level 4 of the Orcish Mines)
 11210 | Orc:4    | 4tharraofdagon: one curing
 11283 | Elf:1    | Entered Level 1 of the Elven Halls
 11295 | Elf:1    | Ladykiller69: since the bots are gone
 11315 | Elf:1    | Ladykiller69: I really need advice on wether I should fight donald
 11325 | Elf:1    | archaeo: well what kind of equipment does he have
 11327 | Elf:1    | archaeo: and what kind of bro are you
 11348 | Elf:1    | timbw: donald is a bitch
 11365 | Elf:1    | Ladykiller69: ogre
 11366 | Elf:1    | Ladykiller69: nemelex
 11366 | Elf:1    | timbw: he is only scary with a distortion weapon
 11370 | Elf:1    | Ladykiller69: GSC
 11374 | Elf:1    | timbw: or if you shoot bolts at him
 11374 | Elf:1    | Ladykiller69: hm
 11379 | Elf:1    | timbw: that he reflects
 11388 | Elf:1    | Ladykiller69: hmmm
 11391 | Elf:1    | archaeo: is his shield shiny?
 11413 | Elf:1    | archaeo: or is he just carrying a regular shield?
 11425 | Elf:2    | Ladykiller69: hm
 11425 | Elf:2    | Killed from afar by a deep elf conjurer

Action                   |  1- 3 |  4- 6 |  7- 9 | 10-12 | 13-15 || total
-------------------------+-------+-------+-------+-------+-------++-------
Melee: Whip              |    14 |       |       |       |       ||    14
       Mace              |       |    36 |    12 |    15 |       ||    63
       Blowgun           |       |     4 |       |       |       ||     4
       Trident           |       |       |       |   123 |   471 ||   594
       Dagger            |       |       |       |     2 |       ||     2
       Rod               |       |       |       |     1 |       ||     1
 Cast: Flame Tongue      |    33 |    30 |    61 |    51 |     4 ||   179
       Conjure Flame     |       |     7 |    15 |    60 |    36 ||   118
       Sticky Flame      |       |     2 |    19 |   110 |    79 ||   210
       Fireball          |       |       |     1 |    16 |    62 ||    79
       Apportation       |       |       |       |     5 |    60 ||    65
       Blink             |       |       |       |     7 |     5 ||    12
       Freezing Cloud    |       |       |       |     1 |    12 ||    13
Evoke: Wand              |       |     6 |    11 |    25 |     9 ||    51
       Rod               |       |       |       |     8 |    11 ||    19
  Use: Potion            |     1 |     2 |     1 |     7 |     5 ||    16
       Scroll            |       |     7 |     6 |    16 |    11 ||    40
 Stab: Paralysed         |       |       |       |     1 |       ||     1
       Distracted        |       |       |       |       |     1 ||     1
       Sleeping          |       |       |       |       |     1 ||     1
